 Dungeon Crawl Stone Soup version 0.19-a0-684-gf760df0 (webtiles) character file.

69896 Teterterus the Severer (level 14, -2/126 HPs)
             Began as a Minotaur Fighter on June 18, 2016.
             Was the Champion of Okawaru.
             Killed from afar by a raiju (12 damage)
             ... with a living lightning
             ... on level 3 of the Abyss.
             The game lasted 00:53:36 (20140 turns).

Teterterus the Severer (Minotaur Fighter)          Turns: 20140, Time: 00:53:36

Health: -2/126     AC: 31    Str: 26    XL:     14   Next: 92%
Magic:  23/23      EV: 12    Int:  5    God:    Okawaru [******]
Gold:   1197       SH: 13    Dex: 10    Spells: 0 memorised, 27 levels left

rFire  . . .     SeeInvis +     o - +1 demon whip (freeze)
rCold  . . .     Gourm    .     U - +0 crystal plate armour
rNeg   . . .     Faith    .     c - +0 shield
rPois  .         Spirit   .     R - +1 hat
rElec  .         Dismiss  .     e - +1 cloak
rCorr  .         Reflect  .     l - +1 pair of gloves
SustAt .         Harm     .     P - +2 pair of boots {Stlth+}
MR     +....                    y - amulet of regeneration
Stlth  ..........               q - ring of see invisible
                                B - +3 ring of evasion

@: very slightly contaminated, somewhat resistant to hostile enchantments,
extremely unstealthy
A: retaliatory headbutt, horns 2
a: Heroism, Finesse, Renounce Religion


You were on level 3 of the Abyss.
You worshipped Okawaru.
Okawaru was exalted by your worship.
You were hungry.

You visited 3 branches of the dungeon, and saw 20 of its levels.
You visited the Abyss 1 time.

You collected 1197 gold pieces.

Inventory:

Hand Weapons
 a - a +0 war axe of freezing
 b - the +2 battleaxe "Meiquuso" {drain, MR- Str+5 Int+4 Dex+5}
   (Okawaru gifted it to you on level 1 of the Lair of Beasts)

   A truly terrible weapon, it drains the life of those it strikes.
   It affects your strength (+5).
   It affects your intelligence (+4).
   It affects your dexterity (+5).
   It affects your resistance to hostile enchantments.
 m - a +1 whip of electrocution
 o - a +1 demon whip of freezing (weapon)
 S - a +4 lajatang of speed
Armour
 c - a +0 shield (worn)
 e - a +1 cloak (worn)
 l - a +1 pair of gloves (worn)
 P - a +2 pair of boots of stealth (worn)
 R - a +1 hat (worn)
 U - a +0 crystal plate armour (worn)
Magical Staves
 X - an uncursed staff of power
Jewellery
 j - a +2 ring of protection
 q - a ring of see invisible (right hand)
 u - an uncursed ring of protection from fire
 y - an amulet of regeneration (around neck)
 B - a +3 ring of evasion (left hand)
 Z - an uncursed ring of flight {unknown}
Wands
 d - a wand of paralysis (19/24)
 x - a wand of acid (11/15)
 z - a wand of digging (14/24)
 I - a wand of disintegration (7/24)
 J - a wand of slowing (29/48)
 K - a wand of heal wounds (5/9)
 L - a wand of iceblast (9/15)
 Y - a wand of digging (18/24)
Scrolls
 h - 9 scrolls of remove curse
 i - 4 scrolls of amnesia
 w - 4 scrolls of teleportation
 A - 2 scrolls of fear
 D - 2 scrolls of recharging
 E - 3 scrolls of brand weapon
 F - 2 scrolls of enchant weapon
 N - 2 scrolls of blinking
 O - a scroll of fog
 T - 2 scrolls of immolation
Potions
 g - 5 potions of brilliance
 k - a potion of resistance
 n - 3 potions of flight
 p - a potion of lignification
 t - 6 potions of curing
 v - 3 potions of might
 Q - a potion of magic
Books
 r - Sif Muna's Disquisition on Arcane Weapons
   (You found it on level 11 of the Dungeon)

   Spells                             Type                      Level
   a - Lightning Bolt                 Conjuration/Air              5
   b - Bolt of Cold                   Conjuration/Ice              6
 H - a book of the Dragon

   Spells                             Type                      Level
   a - Flame Tongue                   Conjuration/Fire             1
   b - Cause Fear                     Hexes                        4
   c - Bolt of Fire                   Conjuration/Fire             6
   d - Dragon Form                    Transmutation                7
   e - Dragon's Call                  Summoning                    9
 M - a book of Enchantments

   Spells                             Type                      Level
   a - Cause Fear                     Hexes                        4
   b - Yara's Violent Unravelling     Hexes/Transmutation          5
   c - Silence                        Hexes/Air                    5
   d - Deflect Missiles               Charms/Air                   6
   e - Haste                          Charms                       6
   f - Discord                        Hexes                        8
 V - a book of Burglary

   Spells                             Type                      Level
   a - Swiftness                      Charms/Air                   2
   b - Passwall                       Transmutation/Earth          2
   c - Passage of Golubria            Translocation                4
   d - Lee's Rapid Deconstruction     Earth                        5
   e - Darkness                       Hexes                        6
   f - Invisibility                   Hexes                        6
Comestibles
 f - 16 bread rations
 s - 13 meat rations
 C - 2 chunks of flesh
 G - a beef jerky
 W - a slice of pizza


   Skills:
 + Level 12.1 Fighting
 * Level 15.9 Axes
 + Level 12.6 Armour
 + Level 10.8 Dodging
 + Level 12.4 Shields
 + Level 7.1 Spellcasting
 - Level 5.5 Invocations


You had 27 spell levels left.
You didn't know any spells.

Dungeon Overview and Level Annotations

Branches:
Dungeon (13/15)            Temple (1/1) D:6            Lair (6/6) D:8
 Shoals (0/4) Lair:3        Snake (0/4) Lair:4        Slime (0/5) Lair:5
    Orc (0/2) D:9          Vaults (0/5) D:13

Altars:
Ashenzari
Cheibriados
Dithmenos
Elyvilon
Fedhas
Gozag
Hepliaklqana
Kikubaaqudgha
Makhleb
Nemelex Xobeh
Okawaru
Pakellas
Qazlal
Ru
Sif Muna
Trog
Uskayaw
Vehumet
Xom
Yredelemnul
Zin
The Shining One
Jiyva

Shops:
D:12 *

Portals:
Trove: D:10 (give +6 demon whip)


Innate Abilities, Weirdness & Mutations

You reflexively headbutt those who attack you in melee.
You have a pair of horns on your head.


Message History

The raiju bursts into living lightning!
The living lightning hits you!
* * * LOW HITPOINT WARNING * * *
The living lightning hits the raiju.
The raiju completely resists.
The living lightning hits the raiju.
The raiju completely resists.
The living lightning hits you!
* * * LOW HITPOINT WARNING * * *
The raiju blinks! x4
Unknown command.
You whack the earth elemental! You headbutt the earth elemental.
The earth elemental is almost destroyed.
Tentacles burst from the starspawn's body!
The raiju looks sick.
You block the raiju's attack. 2 starspawn tentacles come into view.
Unknown command.
You hit the earth elemental but do no damage.
The earth elemental is almost destroyed.
The raiju bursts into living lightning!
The living lightning hits you!
You die... ..w# .... .wX

#... ...# #.. x.#
# .## ##.##
##...###...## ..
.....#h.h..#...
.........h@EX.....
.#.#...#.h##.##.
#....### #.... .
#..### .# .#..
...# .## .# #... #
.# ##. # .


You could see a tentacled starspawn, an ancient zyme, a large abomination, an
earth elemental, 4 raiju and 2 starspawn tentacles.

Vanquished Creatures
  Rupert (D:13)
  2 tentacled starspawn (Abyss:3)
  Gastronok (Lair:3)
  A greater naga (Abyss:3)
  Donald (D:13)
  Nessos (Lair:4)
  Snorg (Lair:3)
  A fire dragon (Lair:6)
  An entropy weaver (Abyss:3)
  Harold (D:11)
  3 hydras
  2 centaur warriors
  7 death yaks (Lair:5)
  The ghost of Triterus the Cleaver, a novice MiFi of Okawaru (D:10)
  Sonja (Lair:4)
  Urug (Lair:4)
  Nergalle (D:11)
  An unseen horror (D:12)
  Pikel (D:4)
  A hill giant (D:10)
  A lindwurm (Lair:6)
  2 deep elf magi
  2 ugly things
  2 manticores
  2 griffons
  A wolf spider (Lair:6)
  A hornet (Lair:6)
  A centaur zombie (D:12)
  8 black mambas
  An apocalypse crab (Abyss:3)
  A guardian serpent (Lair:6)
  5 elephants (Lair:5)
  11 spiny frogs
  A torpor snail (Lair:6)
  2 centaur skeletons
  5 komodo dragons
  4 rime drakes
  A merfolk (D:9)
  3 two-headed ogres
  2 trolls (D:12)
  22 blink frogs
  A meliai zombie (D:10)
  Sigmund (D:2)
  2 shadows
  A vampire (D:10)
  9 wyverns
  16 humans (D:13)
  2 redbacks (Lair:6)
  42 yaks
  5 basilisks
  8 hippogriffs
  Menkaure (D:6)
  Edmund (D:5)
  A mottled dragon (Lair:6)
  A naga (Lair:4)
  A soldier ant (shapeshifter) (D:13)
  12 water moccasins
  6 swamp drakes (Lair:6)
  7 porcupines
  A slave (D:4)
  2 necrophages
  6 orc warriors
  3 ice beasts
  5 ogres
  4 sky beasts
  3 wasps (Lair:6)
  2 phantoms
  6 centaurs
  A wolf (Lair:3)
  20 crocodiles
  A big kobold (D:8)
  12 giant frogs
  A gnoll sergeant (D:7)
  4 scorpions
  16 killer bees
  8 wights
  3 electric eels (Lair:4)
  2 howler monkeys
  A spectral centaur (D:10)
  6 crimson imps
  A quasit (D:5)
  4 hounds
  A gnoll shaman (D:7)
  5 jellies
  A giant frog skeleton (D:8)
  11 orc priests
  13 orc wizards
  Ijyb (D:2)
  12 iguanas
  11 worker ants
  A hell rat (Lair:3)
  A killer bee zombie (D:7)
  5 sheep (Lair:4)
  5 hound zombies
  A mummy (D:9)
  2 worker ant zombies
  12 gnolls
  16 adders
  39 river rats
  4 shadow imps
  2 oozes
  An adder zombie (D:10)
  2 worms (D:2)
  7 dart slugs
  9 giant geckos
  66 orcs
  A ball python (D:3)
  4 giant cockroaches
  5 goblins
  2 hobgoblins (D:3)
  16 jackals
  5 quokkas
  5 bats
  A giant gecko skeleton (D:7)
  8 giant newts
  14 kobolds
  A quokka zombie (D:7)
  9 rats
  5 fungi
  7 plants (Lair:6)
  5 starspawn tentacles (Abyss:3)
653 creatures vanquished.

Vanquished Creatures (others)
  Blork the orc (D:4)
  A worker ant (D:4)
  5 sheep (Lair:5)
  An orc (D:13)
  A bush (Lair:6)
  6 fungi
  5 plants (Lair:6)
  4 starspawn tentacles (Abyss:3)
  37 starspawn tentacle segments (Abyss:3)
61 creatures vanquished.

Grand Total: 714 creatures vanquished

Notes
Turn   | Place    | Note
--------------------------------------------------------------
     0 | D:1      | Teterterus the Minotaur Fighter began the quest for the Orb.
     0 | D:1      | Reached XP level 1. HP: 19/19 MP: 0/0
   825 | D:1      | Reached XP level 2. HP: 27/27 MP: 1/1
  1148 | D:1      | Reached skill level 1 in Dodging
  1251 | D:1      | Reached XP level 3. HP: 31/33 MP: 2/2
  1541 | D:2      | Noticed Ijyb
  1549 | D:2      | Reached skill level 3 in Axes
  1553 | D:2      | Killed Ijyb
  1553 | D:2      | Reached XP level 4. HP: 40/40 MP: 3/3
  1850 | D:2      | Noticed Sigmund
  1864 | D:2      | Killed Sigmund
  1864 | D:2      | Reached skill level 4 in Axes
  1864 | D:2      | Reached skill level 1 in Spellcasting
  1864 | D:2      | Reached XP level 5. HP: 27/47 MP: 3/5
  2132 | D:2      | Reached XP level 6. HP: 53/53 MP: 6/6
  3027 | D:4      | Reached skill level 5 in Fighting
  3149 | D:4      | Found a radiant altar of Vehumet.
  3182 | D:3      | Found a bloodstained altar of Trog.
  3218 | D:4      | Noticed a slave
  3219 | D:4      | Noticed a slave
  3219 | D:4      | Noticed Pikel
  3219 | D:4      | Noticed a slave
  3220 | D:4      | Noticed a slave
  3225 | D:4      | Killed a slave
  3246 | D:4      | Killed Pikel
  3246 | D:4      | Reached skill level 5 in Axes
  3246 | D:4      | Reached skill level 5 in Armour
  3246 | D:4      | Reached skill level 5 in Shields
  3246 | D:4      | Reached XP level 7. HP: 43/61 MP: 6/8
  3617 | D:4      | Found a shattered altar of Ashenzari.
  3653 | D:4      | Reached skill level 6 in Axes
  3658 | D:4      | Reached XP level 8. HP: 65/69 MP: 9/9
  3670 | D:4      | Killed Blork the orc
  3706 | D:4      | Found an ancient bone altar of Kikubaaqudgha.
  4101 | D:5      | Entered Level 5 of the Dungeon
  4122 | D:5      | Noticed Edmund
  4154 | D:5      | Killed Edmund
  4754 | D:5      | Reached skill level 7 in Axes
  5171 | D:6      | Reached XP level 9. HP: 75/75 MP: 10/12
  5229 | D:6      | Found a staircase to the Ecumenical Temple.
  5257 | Temple   | Entered the Ecumenical Temple
  5379 | Temple   | Became a worshipper of Warmaster Okawaru
  5469 | D:6      | Reached skill level 5 in Dodging
  5482 | D:6      | Reached skill level 8 in Axes
  5493 | D:6      | Noticed Menkaure
  5499 | D:6      | Killed Menkaure
  5772 | D:6      | Found an opulent altar of Gozag.
  6016 | D:7      | Reached * piety under Okawaru
  6561 | D:7      | Reached skill level 9 in Axes
  7009 | D:8      | Reached skill level 1 in Invocations
  7019 | D:8      | Found a staircase to the Lair.
  7027 | D:8      | Reached ** piety under Okawaru
  7091 | D:8      | Reached XP level 10. HP: 86/86 MP: 14/14
  7920 | D:9      | Reached *** piety under Okawaru
  7937 | D:9      | Found a staircase to the Orcish Mines.
  8061 | D:9      | Found a snail-covered altar of Cheibriados.
  8269 | D:9      | Reached skill level 10 in Axes
  8519 | D:10     | Entered Level 10 of the Dungeon
  8560 | D:10     | Noticed Triterus's ghost (novice MiFi)
  8569 | D:10     | Killed Triterus's ghost
  8569 | D:10     | Reached **** piety under Okawaru
  8859 | D:10     | Noticed a hill giant
  8868 | D:10     | Killed a hill giant
  8868 | D:10     | Reached XP level 11. HP: 94/94 MP: 16/16
  9015 | D:10     | Reached ***** piety under Okawaru
  9431 | D:10     | Found a portal to a secret trove of treasure.
  9814 | Lair:1   | Entered Level 1 of the Lair of Beasts
  9888 | Lair:1   | Received a gift from Okawaru
  9891 | Lair:1   | Got a warped battleaxe {god gift}
 10046 | Lair:1   | Identified the +2 battleaxe "Meiquuso" {drain, MR- Str+5 Int+4 Dex+5} (Okawaru gifted it to you on level 1 of the Lair of Beasts)
 10097 | Lair:1   | Reached skill level 11 in Axes
 11917 | Lair:3   | Received a gift from Okawaru
 12172 | Lair:3   | Found a white marble altar of Elyvilon.
 12182 | Lair:3   | Reached skill level 5 in Invocations
 12249 | Lair:3   | Noticed a griffon
 12250 | Lair:3   | Found a staircase to the Shoals.
 12256 | Lair:3   | Reached skill level 12 in Axes
 12259 | Lair:3   | Killed a griffon
 12259 | Lair:3   | Reached XP level 12. HP: 80/104 MP: 18/18
 12614 | Lair:3   | Noticed Snorg
 12622 | Lair:3   | Killed Snorg
 12706 | Lair:3   | Noticed Gastronok
 12719 | Lair:3   | Killed Gastronok
 12719 | Lair:3   | Received a gift from Okawaru
 12719 | Lair:3   | Reached skill level 10 in Armour
 12719 | Lair:3   | Reached skill level 5 in Spellcasting
 13322 | Lair:4   | Noticed a seven-headed hydra
 13323 | Lair:4   | Noticed Nessos
 13330 | Lair:4   | Killed a nine-headed hydra
 13330 | Lair:4   | Reached skill level 10 in Shields
 13333 | Lair:4   | Killed Nessos
 13440 | Lair:4   | Found a staircase to the Snake Pit.
 13801 | Lair:4   | Noticed Sonja
 13815 | Lair:4   | Killed Sonja
 13815 | Lair:4   | Reached skill level 13 in Axes
 13987 | Lair:4   | Noticed a five-headed hydra
 13995 | Lair:4   | Killed a ten-headed hydra
 13995 | Lair:4   | Received a gift from Okawaru
 14087 | Lair:4   | Reached skill level 10 in Fighting
 14294 | Lair:4   | Noticed Urug
 14310 | Lair:4   | Killed Urug
 14713 | Lair:5   | Noticed a death yak
 14713 | Lair:5   | Noticed a death yak
 14713 | Lair:5   | Noticed a death yak
 14714 | Lair:5   | Noticed a death yak
 14714 | Lair:5   | Noticed a death yak
 14715 | Lair:5   | Noticed a death yak
 14722 | Lair:5   | Killed a death yak
 14722 | Lair:5   | Reached ****** piety under Okawaru
 14722 | Lair:5   | Received a gift from Okawaru
 14728 | Lair:5   | Killed a death yak
 14729 | Lair:5   | Killed a death yak
 14731 | Lair:5   | Killed a death yak
 14731 | Lair:5   | Reached XP level 13. HP: 102/113 MP: 15/20
 14849 | Lair:5   | Found a shimmering altar of Xom.
 14951 | Lair:5   | Found a staircase to the Slime Pits.
 14951 | Lair:5   | Found a viscous altar of Jiyva.
 15530 | Lair:6   | Entered Level 6 of the Lair of Beasts
 15635 | Lair:6   | Reached skill level 14 in Axes
 15651 | Lair:6   | Received a gift from Okawaru
 16039 | Lair:6   | Received a gift from Okawaru
 16449 | Lair:6   | Noticed a fire dragon
 16461 | Lair:6   | Killed a fire dragon
 16706 | Lair:6   | Reached XP level 14. HP: 124/124 MP: 22/22
 16724 | Lair:6   | Reached skill level 10 in Dodging
 17175 | Lair:6   | Received a gift from Okawaru
 17219 | Lair:6   | Reached skill level 15 in Axes
 17713 | D:11     | Identified 2 scrolls of acquirement
 17828 | D:11     | Identified Sif Muna's Disquisition on Arcane Weapons
 17946 | D:11     | Noticed Harold
 17955 | D:11     | Killed Harold
 18135 | D:11     | Noticed Nergalle
 18177 | D:11     | Killed Nergalle
 18177 | D:11     | Received a gift from Okawaru
 18341 | D:11     | Got a pair of polished gloves {god gift}
 18352 | D:11     | Identified the +2 pair of gloves of Okawaru {rElec rCorr Int-3 Dex-2} (Okawaru gifted it to you on level 11 of the Dungeon)
 19360 | D:12     | Found Werergh's Assorted Antiques.
 19820 | D:13     | Noticed Rupert
 19830 | D:13     | Noticed Donald
 19842 | D:13     | Killed Rupert
 19850 | D:13     | Found a gate to the Vaults.
 19869 | D:13     | Killed Donald
 19940 | D:13     | Cast into level 3 of the Abyss (an ogre mage)
 19945 | Abyss:3  | Noticed a tentacled starspawn
 19962 | Abyss:3  | Killed a tentacled starspawn
 19964 | Abyss:3  | Noticed a tentacled starspawn
 19977 | Abyss:3  | Noticed a greater naga
 19979 | Abyss:3  | Killed a tentacled starspawn
 20033 | Abyss:3  | Killed a greater naga
 20138 | Abyss:3  | Noticed a tentacled starspawn
 20140 | Abyss:3  | Killed from afar by a raiju

Vault maps used:
D:1:      evilmike_arrival_plus
D:2:      first_bread, uniq_sigmund, uniq_iyjb
D:3:      lemuel_upstairs_altar
D:4:      lemuel_round_altar, kiku_gazebo_garden_becter, supply_closet_lemuel,
          nicolae_ashenzari_panopticon, uniq_blork_the_orc, uniq_pikel
D:5:      serial_bayou_lagoon_a, uniq_edmund
D:6:      nicolae_gozag_seed_capital, minmay_temple_entry_mist, uniq_menkaure
D:8:      dpeg_lair_monsters
D:9:      slow_altar_2, hiddenorc2_lemuel, nicolae_wwwww, hangedman_fish_farm
D:10:     nicolae_trove_entry_diagonal, hangedman_weighted_door
D:11:     uniq_nergalle, uniq_harold
D:12:     serial_shops, shop, kennysheep_generic_room_11
D:13:     kennysheep_windowed_halls, david_vaults_3, lab_entry_generic
Temple:   kilobyte_greek_temple_18
Lair:1:   grunt_megastairs_2
Lair:2:   infiniplex_staircase_pool
Lair:3:   minmay_shoals_entry_beasts, basic_altar, hangedman_lair_generics_rect,
          lemuel_fruit_fields, infiniplex_staircase_pool_2,
          serial_bayou_shore_b, uniq_snorg, uniq_gastronok
Lair:4:   guppyfry_snake_entry_island, serial_bayou_lagoon_b, uniq_nessos,
          uniq_urug, uniq_sonja
Lair:5:   slime_altar_1, kb_xom_exploding_sheep
Lair:6:   guppyfry_lair_end_dragon, hangedman_lair_tendril_chambers
Abyss:3:  minivault_24, nicolae_abyss_rune_left_handed,
          small_statue_intersection

Skill      XL: |  1  2  3  4  5  6  7  8  9 10 11 12 13 14 |
---------------+-------------------------------------------+-----
Shields        | 4 5 6 7 8 9 10 11 12 | 12.4
Dodging        | 1 2 3 4 5 6 7 9 10 | 10.8
Axes           | 3 4 5 6 7 9 10 12 13 14 15 | 15.9
Fighting       | 4 5 6 7 8 9 10 11 12 | 12.1
Armour         | 4 5 6 7 8 9 10 11 12 | 12.6
Spellcasting   | 1 2 3 4 5 6 7 |  7.1
Invocations    | 1 3 5 |  5.5

Action                   |  1- 3 |  4- 6 |  7- 9 | 10-12 | 13-15 || total
-------------------------+-------+-------+-------+-------+-------++-------
Melee: War axe           |    50 |   117 |   350 |   354 |       ||   871
       Headbutt          |    10 |    18 |    73 |   142 |   234 ||   477
       Whip              |       |    21 |    58 |       |       ||    79
       Battleaxe         |       |       |       |   244 |   284 ||   528
       Lajatang          |       |       |       |    24 |     1 ||    25
       Demon whip        |       |       |       |       |   544 ||   544
Invok: Finesse           |       |       |       |     2 |     2 ||     4
       Heroism           |       |       |       |     2 |     1 ||     3
Evoke: Wand              |       |       |     1 |     1 |       ||     2
  Use: Potion            |       |     4 |       |     6 |     6 ||    16
       Scroll            |       |     6 |     9 |    12 |     9 ||    36
 Stab: Paralysed         |       |       |     4 |     2 |       ||     6
       Confused          |       |       |       |       |     1 ||     1
  Eat: Chunk             |     2 |     5 |    14 |    21 |    14 ||    56
       Beef jerky        |       |       |       |     1 |       ||     1
       Fruit             |       |       |       |     3 |     3 ||     6
       Pizza             |       |       |       |       |     1 ||     1
Armor: Scale mail        |    19 |    61 |    73 |       |       ||   153
       Plate armour      |       |       |   100 |   304 |   180 ||   584
       Crystal plate arm |       |       |       |       |   105 ||   105
Dodge: Dodged            |    17 |    37 |   138 |   364 |   389 ||   945
Block: Shield            |    27 |    77 |   231 |   204 |   159 ||   698
